[Event "German Masters 2022"]
[Site "Magdeburg"]
[Date "2022.08.21"]
[Round "6.2"]
[White "Rosner, Jonas"]
[Black "Huschenbeth, Niclas"]
[Result "1/2-1/2"]
[ECO "E04"]
[WhiteElo "2478"]
[BlackElo "2610"]
[Annotator "TA"]
[PlyCount "81"]
[EventDate "2022.08.16"]
[EventType "tourn"]
[EventCountry "GER"]
[SourceTitle "playchess.com"]
[Source "ChessBase"]
[SourceQuality "1"]
[TimeControl "40/5400+30:1800+30"]

1. d4 Nf6 2. c4 e6 3. g3 d5 4. Bg2 dxc4 5. Nf3 Bb4+ 6. Bd2 a5 7. a3 {[%emt 0:00:50] E04: Open Catalan: 5 Nf3.} Bxd2+ 8. Nbxd2 b5 9. b3 cxb3 10. Qxb3 c6 11. O-O {[%emt 0:00:38][%mdl 1024] White has compensation.} O-O 12. Qb2 Nbd7 13. Rfc1 Qb6 {[%emt 0:01:51] [#]} 14. Ne1 $146 ({Predecessor:} 14. Nc4 bxc4 {0-1 (14) Kazakovskiy,V (2524)-Papp,L (2399) Chess.com INT 2022}) 14... Nd5 15. Nd3 Ba6 16. Nb3 Rfd8 17. Nbc5 Nxc5 18. Nxc5 Bc8 19. e3 Bd7 20. Rab1 Be8 21. h4 Qc7 22. Be4 ({White should play} 22. e4 $11 Nb6 23. e5) 22... Qe7 (22... Nxe3 $5 23. fxe3 Qxg3+ 24. Kf1 (24. Kh1 Qh3+ 25. Qh2 Qxe3 $17) 24... Qxe3 $15) 23. Nd3 Rdc8 24. Rc2 Rab8 25. Qc1 Qd6 26. Bf3 f6 27. h5 Nb6 28. Nc5 Nc4 29. a4 e5 ({Black should try} 29... h6 $1 $17) 30. Na6 Na3 (30... Ra8 $15 31. axb5 cxb5 $1 32. Bxa8 Rxa8 33. Rxc4 bxc4 34. Qxc4+ Bf7) 31. Nxb8 $11 Nxc2 ({Better is} 31... Rxb8 $11 32. dxe5 Qd3) 32. Nxc6 $1 $14 ({Of course not} 32. Qxc2 Rxb8 33. axb5 cxb5 34. Qa2+ Kf8 $11) 32... Bxc6 (32... Rxc6 $14 33. Bxc6 Qxc6 34. axb5 Qe4) 33. Qxc2 $18 exd4 34. Bxc6 ({Resist} 34. axb5 Bd7 35. Qd2 Rb8 36. exd4 Rxb5 37. Rxb5 Bxb5) (34. exd4 $18 {Hoping for Rc1.} Bd7 35. Qa2+ Be6 36. d5) 34... Rxc6 $11 {[%emt 0:00:01][%mdl 4096] Endgame [#] KQR-KQR} (34... Qxc6 $14 35. Qxc6 Rxc6) 35. Qb3+ ({White has to play} 35. Qe4 $1 $16 {[%cal Re4e8] Strongly threatening Qe8+.} Rc3 36. exd4) 35... Qe6 {[%emt 0:00:32] The position is equal.} 36. axb5 Rc1+ 37. Kg2 Qxb3 38. Rxb3 dxe3 39. fxe3 a4 40. b6 {[%emt 0:01:40] Threatens to win with b7.} Rc8 (40... axb3 $2 41. b7 Rc2+ 42. Kf3 $18) 41. Ra3 {[%emt 0:31:52] Weighted Error Value: White=0.16 (very precise) /Black=0.16 (very precise)} 1/2-1/2

[Event "German Masters 2022"]
[Site "Magdeburg"]
[Date "2022.08.21"]
[Round "6.3"]
[White "Koelle, Tobias"]
[Black "Braun, Arik"]
[Result "0-1"]
[ECO "E11"]
[WhiteElo "2436"]
[BlackElo "2594"]
[Annotator "TA"]
[PlyCount "108"]
[EventDate "2022.08.16"]
[EventType "tourn"]
[EventCountry "GER"]
[SourceTitle "playchess.com"]
[Source "ChessBase"]
[SourceQuality "1"]
[TimeControl "40/5400+30:1800+30"]

1. d4 Nf6 2. c4 e6 3. Nf3 Bb4+ 4. Nbd2 b6 5. a3 Bxd2+ 6. Qxd2 Bb7 7. e3 d6 8. Be2 Nbd7 9. O-O O-O 10. b4 Qe7 11. Bb2 c5 12. Rad1 {[%emt 0:09:35] E14: Queen's Indian: Classical Variation (4 e3).} Ne4 13. Qc2 Rac8 {[%emt 0:08:33] [#]} 14. dxc5 $146 {[%emt 0:14:21] White is slightly better.} ({Predecessor:} 14. Qb3 Rfd8 15. Ba1 Ng5 16. d5 exd5 17. cxd5 Nxf3+ 18. gxf3 f6 19. Kh1 Ne5 20. Rg1 Qf7 {1-0 (75) Erdos,V (2589)-Berczes,C (2397) Zalakaros 2010}) 14... dxc5 15. b5 Rfd8 16. Ne5 (16. Bd3 $14 f5 17. Rfe1) 16... Nxe5 $11 17. Bxe5 f6 18. Bb2 Rxd1 19. Rxd1 Rd8 20. Rxd8+ Qxd8 21. Bd3 {[%emt 0:06:42] [#]} h6 $1 22. f3 (22. f4 f5) 22... Nd6 23. Kf2 e5 24. Be2 Qe7 25. a4 Bc8 26. a5 Be6 27. axb6 axb6 28. Qa4 Qd8 29. Bc1 Kh8 30. Qd1 Qb8 {[%emt 0:03:20] Black is more active.} 31. Qa4 Bg8 32. e4 Qd8 33. Kf1 {[%emt 0:01:55] [#]} (33. Ke1 $17) 33... Nxc4 $1 $19 34. Bxc4 Qd4 35. Bb3 {[%emt 0:00:34] Strongly threatening Qxd4.} Qd3+ 36. Kf2 {[%emt 0:00:27] Bxg8 is the strong threat.} Bxb3 {[%emt 0:00:19][%mdl 4096] Endgame KQB-KQB} 37. Qa8+ Kh7 38. Be3 $2 (38. Qa3) 38... Bc4 39. Qa4 {[%emt 0:01:19] Prevents Qc2+.} Qe2+ 40. Kg3 Bxb5 $2 (40... Bd3 41. Bf2 Qd2) 41. Qa3 Qc2 {[%emt 0:05:03] aiming for ...Bf1.} 42. Qa1 {[%emt 0:02:32] Against Bf1} Qd3 43. Qc1 Bd7 44. h3 Ba4 45. Bf2 Qc2 46. Qe3 Kg6 47. Kh2 Kf7 48. f4 $2 (48. Qe1 {was necessary.}) 48... Bc6 49. fxe5 Qxe4 ({But not} 49... fxe5 $2 50. Qf3+ Kg8 51. Bh4 $19) 50. Qxe4 (50. Qb3+ Bd5 51. Qg3) 50... Bxe4 {[%emt 0:00:03] Black is clearly winning.} 51. exf6 Kxf6 {[%emt 0:01:56] KB-KB} 52. g4 Ke5 53. Kg3 Kd5 54. Kf4 b5 {[%emt 0:00:39] Weighted Error Value: White=0.76/Black=0.22 (precise)} (54... g5+ $142 55. Ke3 b5) 0-1

[Event "German Masters 2022"]
[Site "Magdeburg"]
[Date "2022.08.21"]
[Round "6.4"]
[White "Engel, Luis"]
[Black "Svane, Frederik"]
[Result "1/2-1/2"]
[ECO "C26"]
[WhiteElo "2558"]
[BlackElo "2521"]
[Annotator "TA"]
[PlyCount "66"]
[EventDate "2022.08.16"]
[EventType "tourn"]
[EventCountry "GER"]
[SourceTitle "playchess.com"]
[Source "ChessBase"]
[SourceQuality "1"]
[TimeControl "40/5400+30:1800+30"]

1. e4 e5 2. Nc3 Nf6 3. d4 exd4 4. Qxd4 Nc6 5. Qd3 Bb4 6. Bd2 {[%emt 0:00:14] C26: Vienna Game: 2...Nf6, sidelines .} O-O 7. O-O-O Re8 8. Nge2 d6 9. Bg5 h6 10. Bxf6 Qxf6 11. Nd5 Qd8 (11... Qxf2 12. Nxc7 Be6 13. Qg3 Qxg3 14. Nxg3 $16 (14. hxg3 Bg4 $14)) 12. Nxb4 Nxb4 13. Qd2 a5 {[%emt 0:03:36][%cal Ba7a5,Ba5b4][%mdl 32] [#]} ({But not} 13... Rxe4 14. f3 Rc4 15. Nd4 Nxa2+ 16. Kb1 $16) (13... Nxa2+ $2 14. Kb1 $16) 14. Nc3 $146 ({Predecessor:} 14. a3 Na6 15. Nc3 Nc5 16. f3 Bd7 17. h4 Qb8 18. g4 b5 19. g5 b4 20. Nd5 bxa3 21. bxa3 {1-0 (26) Mamedyarov,S (2782)-Koneru,H (2586) chess24.com INT 2021}) 14... Be6 15. a3 Qf6 16. axb4 (16. Kb1 $14) 16... axb4 $15 17. Nb1 Ra1 $1 {[%emt 0:01:37][%mdl 1024] And now ...Ba2 would win. Black has compensation.} 18. b3 {[%emt 0:03:27] [#]} Rea8 ({Resist} 18... Ra2 19. Qd4 Qf4+ 20. Rd2 $16) ({Better is} 18... c5 $1 $17 19. Qxd6 Ra2) 19. Qd4 $11 Qg5+ 20. Qe3 $1 {[%emt 0:02:59] Hoping for Qxg5.} Qe5 {[%emt 0:00:07][%cal Oa1b1] ...Rxb1+! is the strong threat.} 21. Kd2 $1 R8a2 22. Rc1 Qb2 (22... Rb2 $11 23. Bc4 Bxc4 24. bxc4 Raa2) 23. Bd3 $14 Bxb3 $1 {[%emt 0:04:57][%cal Oa1b1] aiming for ...Rxb1!} 24. Rhd1 (24. Ke2 $14) 24... c5 25. e5 c4 {[%emt 0:02:45] [#] The position is equal.} ({Don't do} 25... dxe5 26. Qxc5 Be6 27. Ke1 $16) 26. exd6 $1 cxd3 27. Qxd3 {[%emt 0:03:44] Black must now prevent d7.} Qf6 28. d7 Qxf2+ 29. Qe2 Qd4+ 30. Ke1 {[%emt 0:00:20] Really sharp!} Qg1+ 31. Kd2 Qd4+ 32. Ke1 Qg1+ 33. Kd2 Qd4+ {Weighted Error Value: White=0.10 (very precise) /Black=0.12 (very precise)} 1/2-1/2

[Event "German Masters 2022"]
[Site "Magdeburg"]
[Date "2022.08.21"]
[Round "6.5"]
[White "Fridman, Daniel"]
[Black "Kollars, Dmitrij"]
[Result "1/2-1/2"]
[ECO "D63"]
[WhiteElo "2599"]
[BlackElo "2648"]
[Annotator "TA"]
[PlyCount "63"]
[EventDate "2022.08.16"]
[EventType "tourn"]
[EventCountry "GER"]
[SourceTitle "playchess.com"]
[Source "ChessBase"]
[SourceQuality "1"]
[TimeControl "40/5400+30:1800+30"]

1. d4 Nf6 2. c4 e6 3. Nf3 d5 4. Nc3 Nbd7 5. Bg5 Be7 6. e3 O-O 7. Rc1 h6 8. Bh4 c6 9. a3 Ne4 10. Bxe7 Qxe7 {[%emt 0:00:47] The position is equal.} 11. Be2 {[%emt 0:13:05] D63: Queen's Gambit Declined: Classical: 7 Rc1.} Nxc3 12. Rxc3 dxc4 13. Bxc4 b6 14. O-O Bb7 15. Be2 c5 {[%emt 0:02:01] [#]} 16. Qa4 $146 ({Predecessor:} 16. Bb5 Rfd8 17. Rd3 a6 18. Bxd7 Qxd7 19. Rd2 c4 20. Ne5 Qd5 21. f3 b5 22. e4 {0-1 (41) Khoroshev,N (2366)-Rastbod,A (2321) Chess.com INT 2020}) 16... e5 {[%emt 0:10:14] White must now prevent ...exd4.} 17. dxc5 Nxc5 18. Qc2 Be4 19. Qc1 Rfd8 20. b4 Nd3 21. Bxd3 Rxd3 22. Rxd3 Bxd3 23. Rd1 Be2 24. Qc6 Rd8 25. Rxd8+ Qxd8 $11 {[%emt 0:00:06][%mdl 4096] Endgame KQB-KQN} 26. h3 Qd1+ 27. Kh2 Bxf3 28. Qc8+ Kh7 29. Qf5+ Kg8 {[%emt 0:00:04] [#] And now ...Bh5 would win.} 30. Qc8+ Kh7 31. Qf5+ Kg8 {[%emt 0:00:03] Strongly threatening ...Bh5.} 32. Qc8+ {An interesting draw.  Weighted Error Value: White=0.01 (flawless) /Black=0.00 (flawless)} 1/2-1/2

[Event "German Masters 2022"]
[Site "Magdeburg"]
[Date "2022.08.22"]
[Round "7.1"]
[White "Kollars, Dmitrij"]
[Black "Keymer, Vincent"]
[Result "1/2-1/2"]
[ECO "A29"]
[WhiteElo "2648"]
[BlackElo "2686"]
[Annotator "TA"]
[PlyCount "80"]
[EventDate "2022.08.16"]
[EventType "tourn"]
[EventCountry "GER"]
[SourceTitle "playchess.com"]
[Source "ChessBase"]
[SourceQuality "1"]
[TimeControl "40/5400+30:1800+30"]

1. c4 Nf6 2. Nc3 e5 3. Nf3 Nc6 4. g3 Bb4 5. Bg2 O-O 6. O-O e4 7. Ng5 Bxc3 8. bxc3 Re8 9. f3 exf3 10. Nxf3 Qe7 {[%emt 0:01:20] is the new trend.} 11. e3 d6 12. d3 {[%emt 0:00:24] A29: English Opening: Four Knights Variation with 4 g3.} Ne5 13. Nd4 c5 14. Nf5 Bxf5 15. Rxf5 d5 16. cxd5 {[%emt 0:00:25] Strongly threatening e4.} c4 $1 17. dxc4 {[%emt 0:01:02] The position is equal.} (17. d4 {with more complications.} Nd3 18. Bd2 Ne4 19. Bxe4 Qxe4 20. Qf3) 17... Nxc4 {[%emt 0:09:33] Pair of Knights!} 18. Qd4 (18. Qd3 {looks sharper.} Nxe3 19. d6 Rad8 20. dxe7 Rxd3 21. Bxe3 Rxe3 22. Ra5) 18... Nxe3 19. Bxe3 Qxe3+ 20. Qxe3 Rxe3 21. c4 b6 22. a4 {[%emt 0:04:06] [#]} Kf8 $146 ({Predecessor:} 22... Rd8 23. a5 Kf8 24. axb6 {½-½ (24) Roesch M,H (2371)-Roebuck,D (2340) ICCF email 2017}) 23. a5 {[%emt 0:06:54] [#] Hoping for axb6.} Rc8 24. Bf1 Ne8 25. axb6 axb6 26. Rb1 Nd6 27. Rf4 g5 28. Rf6 Nxc4 29. Bxc4 Rxc4 30. Rbxb6 $11 {[%emt 0:00:25][%mdl 4096] Endgame KRR-KRR} Rc2 31. Rf2 Ree2 32. Rxe2 Rxe2 {[%emt 0:00:07] KR-KR} 33. g4 Ke7 34. Rh6 Rd2 35. Rxh7 Rxd5 36. Kg2 Rd4 37. Kf3 Rf4+ 38. Kg3 Ra4 39. h4 Ra3+ 40. Kg2 gxh4 {[%emt 0:00:04] An interesting draw.  Weighted Error Value: White=0.02 (flawless) /Black=0.02 (flawless)} 1/2-1/2

[Event "German Masters 2022"]
[Site "Magdeburg"]
[Date "2022.08.22"]
[Round "7.2"]
[White "Svane, Frederik"]
[Black "Fridman, Daniel"]
[Result "1-0"]
[ECO "C10"]
[WhiteElo "2521"]
[BlackElo "2599"]
[Annotator "TA"]
[PlyCount "75"]
[EventDate "2022.08.16"]
[EventType "tourn"]
[EventCountry "GER"]
[SourceTitle "playchess.com"]
[Source "ChessBase"]
[SourceQuality "1"]
[TimeControl "40/5400+30:1800+30"]

1. e4 e6 2. d4 d5 3. Nc3 dxe4 4. Nxe4 Bd7 5. Nf3 Bc6 6. Bd3 Nd7 7. O-O Ngf6 8. Ng3 g6 {[%emt 0:00:26] C10: French with 3 Nc3: Unusual Black 3rd moves and 3...dxe4.} 9. b3 Bg7 10. Ba3 Bf8 {[%emt 0:00:05] White is slightly better.} 11. Bb2 Bg7 12. c4 O-O 13. Re1 a5 {[%emt 0:04:48] [#]} 14. a4 $146 ({Predecessor:} 14. a3 b6 15. Qe2 Bb7 16. Rad1 Re8 17. h4 Qe7 18. h5 Rad8 19. hxg6 hxg6 20. Bc2 {1-0 (30) Cheparinov,I (2700)-Tratar,M (2498) Legnica 2013}) 14... b6 15. Qe2 Qb8 16. Ne5 Nxe5 17. dxe5 Nd7 18. Be4 Qb7 19. Qf3 $1 Bxe4 20. Nxe4 {[%emt 0:00:07] Nf6+ is the strong threat.} Nc5 21. Ba3 $1 Rfb8 (21... Bxe5 $2 22. Bxc5 c6 23. Bxf8 Bxa1 24. Rxa1 $18) (21... Nxe4 $16 {might work better.} 22. Bxf8 (22. Rxe4 c5 $11) (22. Qxe4 Qxe4 23. Rxe4 Rfd8 $15) 22... Bxe5) 22. Bxc5 $18 bxc5 23. Rad1 $1 {[%emt 0:00:47] Threatens to win with Rd7.} (23. Nxc5 Qxf3 24. gxf3 Bf8 $15) (23. Qf4 Qxb3 24. Nxc5 Qc2 $11) 23... Qb4 24. Nf6+ ({Don't play} 24. Ng5 $6 Rf8 $14) ({White should try} 24. Kf1 $18) 24... Bxf6 $16 25. exf6 {[%emt 0:00:02] And now Qe3 would win.} Ra6 26. Qf4 {[%emt 0:21:27] White is much more active.} e5 27. Rxe5 (27. Qxe5 $6 Re6 28. Qa1 Rxe1+ 29. Rxe1 Qxb3 $11) 27... Qxb3 28. Rde1 Qxa4 29. h4 $40 {[%emt 0:03:45][%cal Bh2h4,Bh4h5][%mdl 160] White wants a kill.} ({Weaker is} 29. Rxc5 Re6 30. Rf1 Qe8 $11) 29... Rf8 30. h5 {[%emt 0:05:48][%mdl 1024] White has strong compensation.} ({Much worse is} 30. Rxc5 $6 Qb4 31. Rce5 Qd6 $11) 30... Qc6 $2 {[%emt 0:01:22][%mdl 8192] [#]} (30... Rd6 $16) 31. Rf5 $3 $18 Re8 {[%emt 0:01:17] [#]} (31... Qd6 32. Qh6) 32. Rd1 $1 {[%emt 0:01:51] aiming for hxg6.} Qa4 33. Rfd5 Rd6 34. Rxd6 cxd6 {[%emt 0:00:02] [#]} 35. Rxd6 $2 (35. Rb1 $1 {mates} Kh8 36. Qh6 Rg8 37. hxg6 fxg6 38. f7 Qa3 39. f8=Q Qc3 40. Qf7 Qg7 41. Qhxg7+ Rxg7 42. Rb8+ Rg8 43. Rxg8#) 35... Qa2 $2 {[%emt 0:03:32] [#]} (35... Qa1+ $16 36. Kh2 Qb2) 36. Kh2 $2 (36. g3 $1 $18 {Qh6 would kill now.} Qb1+ 37. Kg2 Qb7+ 38. Kh2) 36... Qe2 (36... Qb2 $16 37. hxg6 hxg6) 37. Rd5 {[%emt 0:00:34] Threatening mate with Qh6.} Qe4 $2 (37... Qb2 $18 38. Rxc5 Qb8 39. Qxb8 Rxb8 40. Rxa5 h6 41. hxg6 fxg6) 38. Qxe4 {[%emt 0:00:05] Weighted Error Value: White=0.57/Black=0.81} 1-0

[Event "German Masters 2022"]
[Site "Magdeburg"]
[Date "2022.08.22"]
[Round "7.3"]
[White "Braun, Arik"]
[Black "Engel, Luis"]
[Result "0-1"]
[ECO "E20"]
[WhiteElo "2594"]
[BlackElo "2558"]
[Annotator "TA"]
[PlyCount "100"]
[EventDate "2022.08.16"]
[EventType "tourn"]
[EventCountry "GER"]
[SourceTitle "playchess.com"]
[Source "ChessBase"]
[SourceQuality "1"]
[TimeControl "40/5400+30:1800+30"]

1. d4 Nf6 2. c4 e6 3. Nc3 Bb4 4. Bd2 d5 5. e3 O-O 6. Nf3 b6 7. cxd5 exd5 8. Bd3 Bb7 9. O-O a6 10. Ne5 {[%emt 0:02:08] E52: Nimzo-Indian: Rubinstein: 4...0-0 5 Nf3 d5 6 Bd3 b6.} Bd6 11. f4 c5 12. Be1 {[%emt 0:01:13] The position is equal.} Nc6 13. Bf2 {[%emt 0:02:43] [#]} b5 $146 ({Predecessor:} 13... Nb4 14. Bb1 Rc8 15. Qf3 Rc7 16. a3 Nc6 17. g4 Na5 18. g5 Ne4 19. Nxe4 dxe4 20. Bxe4 Bxe4 21. Qxe4 cxd4 22. exd4 {1-0 (50) Li,C (2732)-Zeng,C (2539) China 2018}) 14. Rc1 c4 15. Bb1 b4 16. Ne2 (16. Na4 $5 ) 16... a5 17. Bh4 {[%emt 0:07:01] [#] Black must now prevent Ng3.} Be7 18. Ng3 {[%emt 0:02:05] Threatens to win with Nf5.} Ne8 19. Bxe7 (19. Qc2 $5 g6 20. Bxe7 Qxe7 21. e4 $15) 19... Nxe7 20. Qh5 Nf6 21. Qf3 Qb6 (21... a4 $15) 22. Nh5 $11 Nxh5 23. Qxh5 Qh6 24. Qxh6 gxh6 25. Rf3 (25. f5 $14) 25... f6 (25... Bc8 $11 {remains equal.}) 26. Nd7 $16 Rf7 27. Nc5 Bc6 28. e4 ({White should play} 28. Rh3 $16) 28... f5 (28... Rc8 $14) 29. exd5 (29. e5 $16) 29... Bxd5 $11 30. Re3 Nc6 31. Kf2 Rd8 ({Much less strong is} 31... Nxd4 32. Rd1 Rc7 33. Rxd4 $16) 32. Rd1 Rd6 33. g3 Kg7 {[%emt 0:00:42] [#]} (33... h5 $11 {might be stronger.}) 34. Bc2 (34. Re5 $1 $14) 34... h5 $1 35. Ba4 (35. Re5 $5) 35... Rc7 36. Bc2 ({White should try} 36. Bxc6 $11 Rcxc6 37. Re7+ Bf7 38. Rde1) 36... Bf7 $15 37. d5 Rxd5 38. Rxd5 Bxd5 39. Na4 (39. Na6 $17 Ra7 40. Nc5) 39... Kf6 (39... Nd4 $19 40. Bb1 Bg8) 40. Bb1 (40. Re2 $17) 40... Bf7 41. Bc2 (41. Re1 $17 {is a better defense.}) 41... Rd7 {[%emt 0:02:18] aiming for ...Rd2+.} 42. Ke1 h4 43. gxh4 $2 (43. Bd1) 43... Rd4 $19 44. Nc5 Rxf4 45. Nd7+ Kg7 46. Rh3 Nd4 47. Bb1 (47. Bd1 $142 Re4+ 48. Kf2) 47... Nf3+ 48. Kd1 Bh5 49. Rg3+ Kf7 50. Kc1 Nd4 {[%emt 0:00:57] Weighted Error Value: White=0.37/Black=0.18 (very precise)} 0-1

[Event "German Masters 2022"]
[Site "Magdeburg"]
[Date "2022.08.22"]
[Round "7.4"]
[White "Huschenbeth, Niclas"]
[Black "Kölle, Tobias"]
[Result "*"]
[ECO "B90"]
[WhiteElo "2610"]
[BlackElo "2433"]
[Annotator "TA"]
[PlyCount "37"]
[EventDate "2022.08.16"]
[EventType "tourn"]
[EventCountry "GER"]
[SourceTitle "playchess.com"]
[Source "ChessBase"]
[SourceQuality "1"]
[TimeControl "40/5400+30:1800+30"]

1. e4 c5 2. Nf3 d6 3. d4 cxd4 4. Nxd4 Nf6 5. Nc3 a6 6. Rg1 e5 7. Nb3 {[%emt 0:00:04] B90: Sicilian Najdorf: Unusual White 6th moves, 6 Be3 Ng4 and 6 Be3 e5.} h5 {[%emt 0:00:03] Prevents g4.} 8. h3 Be6 9. Be3 h4 10. Qd2 Be7 11. O-O-O {[%emt 0:01:59] [#] White took control after the opening.  Weighted Error Value: White=0.05 (flawless) /Black=0.18 (very precise)} {Predecessor:} Nbd7 $146 12. f4 Rc8 13. Kb1 b5 14. Bd3 Bc4 15. g3 hxg3 16. Rxg3 Nh5 17. Rg2 Bxd3 18. cxd3 exf4 19. Bxf4 {1-0 (39) Djokic,M (2194)-Bethke,R (2370) Chess.com INT 2022} *

[Event "German Masters 2022"]
[Site "Magdeburg"]
[Date "2022.08.22"]
[Round "7.4"]
[White "Huschenbeth, Niclas"]
[Black "Koelle, Tobias"]
[Result "0-1"]
[ECO "B90"]
[WhiteElo "2610"]
[BlackElo "2436"]
[Annotator "TA"]
[PlyCount "78"]
[EventDate "2022.08.16"]
[EventType "tourn"]
[EventCountry "GER"]
[SourceTitle "playchess.com"]
[Source "ChessBase"]
[SourceQuality "1"]
[TimeControl "40/5400+30:1800+30"]

1. e4 c5 2. Nf3 d6 3. d4 cxd4 4. Nxd4 Nf6 5. Nc3 a6 6. Rg1 e5 7. Nb3 {[%emt 0:00:04] B90: Sicilian Najdorf: Unusual White 6th moves, 6 Be3 Ng4 and 6 Be3 e5.} h5 {[%emt 0:00:03] Against g4} 8. h3 Be6 9. Be3 {[%emt 0:02:00] The position is equal.} h4 10. Qd2 Be7 11. O-O-O Nbd7 {[%emt 0:07:24] [#]} 12. Kb1 $146 ({Predecessor:} 12. f4 Rc8 13. Kb1 b5 14. Bd3 Bc4 15. g3 hxg3 16. Rxg3 Nh5 17. Rg2 Bxd3 18. cxd3 exf4 19. Bxf4 {1-0 (39) Djokic,M (2194)-Bethke,R (2370) Chess.com INT 2022}) 12... b5 13. f3 Nb6 14. Qf2 Nc4 (14... Rb8 $1 $11) 15. Bxc4 $14 Bxc4 {[%emt 0:02:32] [#]} (15... bxc4 $14 {is superior.} 16. Nc5 Nh5) 16. Na5 $1 Qxa5 17. Bb6 Bxa2+ 18. Nxa2 Qa4 19. b3 $36 {[%emt 0:00:40][%mdl 2048] Black is under pressure.} Qa3 20. b4 $1 {[%emt 0:03:04] aiming for Rd3.} a5 ({Black should play} 20... d5 $14) 21. Rd3 $16 ({Much weaker is} 21. bxa5 $6 Nd7 22. Rd3 Qa4 $15) 21... Qa4 22. Bxa5 Rxa5 23. bxa5 Qxa5 24. Qd2 Qa8 25. Nb4 O-O {[%emt 0:01:44][%cal Od6d5] [#]} 26. Kb2 $1 {[%emt 0:00:35] And now Ra1 would win.} Nd7 {[%emt 0:02:49][%cal Bf6d7,Bd7c5,Bc5a4,Ba4b6,Bb6d5,Bd5b4][%mdl 32] White must now prevent ...Nb6.} 27. Ra3 Qe8 28. Nd5 {[%emt 0:02:37] Inhibits Nb6. Threatens to win with Rga1.} Nc5 29. Ra7 {[%emt 0:06:03] Prevents Qd7.} Na4+ 30. Kb1 Bd8 31. Qb4 (31. Ra6 $16) 31... Qc6 $2 {[%emt 0:01:14] [#]} (31... Bb6 $11 {and Black stays safe.} 32. Nxb6 Nxb6) 32. c4 (32. Rd1 $1 $18) 32... Nb6 $14 {[%emt 0:00:25] Strongly threatening ...Nxd5.} 33. Ra6 $2 {[%emt 0:05:50][%mdl 8192] This move loses the game for White.} (33. cxb5 $14 {stays ahead.} Nxd5 34. bxc6 Nxb4 35. c7 Bxc7 36. Rxc7) 33... Nxd5 $19 {[%emt 0:00:12][%mdl 64] Discovered Attack} 34. Rxc6 (34. Qxb5 {only move.} Nc3+ 35. Kb2 Qxb5+ 36. cxb5 Nxb5 37. Rga1) 34... Nxb4 {[%emt 0:00:06] Black is clearly winning.} 35. Rxd6 bxc4 36. Rc1 Bg5 37. Rxc4 Rb8 38. Kb2 Nd5+ 39. Ka2 Ne3 {[%emt 0:00:22][%csl LRc4,LRg2] Weighted Error Value: White=0.31/Black=0.20 (precise)} 0-1

[Event "German Masters 2022"]
[Site "Magdeburg"]
[Date "2022.08.22"]
[Round "7.5"]
[White "Svane, Rasmus"]
[Black "Rosner, Jonas"]
[Result "1-0"]
[ECO "B15"]
[WhiteElo "2649"]
[BlackElo "2478"]
[Annotator "TA"]
[PlyCount "53"]
[EventDate "2022.08.16"]
[EventType "tourn"]
[EventCountry "GER"]
[SourceTitle "playchess.com"]
[Source "ChessBase"]
[SourceQuality "1"]
[TimeControl "40/5400+30:1800+30"]

1. e4 c6 2. d4 d5 3. Nc3 dxe4 4. Nxe4 Nf6 5. Nxf6+ exf6 6. Be3 Bd6 {[%emt 0:01:24] B15: Caro-Kann: 3 Nc3: 3...g6 and 3...dxe4 4 Nxe4 Nf6 5 Nxf6+ exf6.} 7. Bd3 O-O 8. Ne2 Re8 {[%emt 0:02:02] The position is equal.} 9. O-O Nd7 10. c4 Nf8 11. Qc2 {[%emt 0:00:20] [#]} h5 $146 ({Predecessor:} 11... Qc7 12. h3 Be6 13. Rac1 Ng6 14. Qb1 Qd7 15. b4 Bxh3 16. gxh3 Qxh3 17. Rfd1 Nh4 {0-1 (35) Kamer,K (2325)-Babiy,O (2256) Chess.com INT 2020}) 12. Rad1 h4 13. h3 $1 Bc7 14. Rfe1 Bd7 15. Nc3 Qc8 16. Be4 Ne6 ({Black should try} 16... f5 $14 17. Bf3 f4) 17. d5 $16 {[%emt 0:09:38] White is more active.} cxd5 18. Nxd5 Bc6 {[%emt 0:02:50] [#]} (18... Nf8 $16 {was worth a try.} 19. Bd2 Be6) 19. Bh7+ $1 $18 Kh8 20. Bf5 {[%emt 0:01:57][%cal Od5f6] Strongly threatening Nxf6!} Bd8 (20... Qb8 21. Qe2 g6) 21. Qe4 g5 22. Qg4 {[%emt 0:01:08] Qh5+ would kill now.} Kg7 23. Bd4 {[%emt 0:02:33][%cal Oe1e6] [#] Threatening mate with Rxe6!} Rg8 24. Rxe6 {[%emt 0:01:01] White mates.} fxe6 25. Qxg5+ Kf7 26. Qh5+ Kf8 27. Bc5+ {[%emt 0:00:07] Weighted Error Value: White=0.04 (flawless) /Black=0.60} 1-0